TOP OF THE 1ST |
Las Vegas Stars batting - Pitching for Redwood City Redwoods : RHP Manny Maldonado
|
Pitching: RHP Manny Maldonado
|
|
Batting: RHB Tae-kwon Kwon
|
0-0: Foul Ball, location: 2F 0-1: Ball 1-1: Fly out, F9 (Flyball, 89M)
|
Batting: RHB Ron Shelton
|
0-0: Ball 1-0: Foul Ball, location: 2F 1-1: Swinging Strike 1-2: Ball 2-2: Foul Ball, location: 2F 2-2: Ball 3-2: Foul Ball, location: 2F 3-2: Foul Ball, location: 2F 3-2: Foul Ball, location: 2F 3-2: Strikes out swinging
|
Batting: LHB Paco Rivera
|
0-0: Foul Ball, location: 2F 0-1: Foul Ball, location: 2F 0-2: Ball 1-2: Fly out, F7 (Line Drive, 7LM)
|
Top of the 1st over - 0 run(s), 0 hit(s), 0 error(s), 0 left on base; Las Vegas 0 - Redwood City 0 |
BOTTOM OF THE 1ST |
Redwood City Redwoods batting - Pitching for Las Vegas Stars : RHP Mike Stabler
|
Pitching: RHP Mike Stabler
|
|
Batting: LHB Ken Miller
|
0-0: SINGLE (Line Drive, 34)
|
Batting: RHB Anastasio García
|
0-0: Called Strike 0-1: Swinging Strike 0-2: Fly out, F8 (Flyball, 8LD)
|
Batting: LHB Tony Warrilow
|
0-0: Fly out, F5 (Popup, 5F)
|
Batting: RHB Joe Flint
|
0-0: Ball 1-0: Ball Ken Miller steals 2nd base 2-0: Foul Ball, location: 2F 2-1: Swinging Strike 2-2: Foul Ball, location: 2F 2-2: Strikes out swinging
|
Bottom of the 1st over - 0 run(s), 1 hit(s), 0 error(s), 1 left on base; Las Vegas 0 - Redwood City 0 |
TOP OF THE 2ND |
Las Vegas Stars batting - Pitching for Redwood City Redwoods : RHP Manny Maldonado
|
Batting: LHB Ricardo Vargas
|
0-0: Ball 1-0: Foul Ball, location: 2F 1-1: Foul Ball, location: 2F 1-2: Ball 2-2: Ball 3-2: Fly out, F6 (Line Drive, 6M)
|
Batting: LHB Eliot Helen
|
0-0: DOUBLE (Flyball, 78D)
|
Batting: RHB Brian George
|
0-0: 2-RUN HOME RUN (Flyball, 9LD), Distance : 338 ft
|
Batting: SHB Santiago Farías
|
0-0: Swinging Strike 0-1: Foul Ball, location: 2F 0-2: Ball 1-2: Foul Ball, location: 2F 1-2: Strikes out swinging
|
Batting: RHB Tom Jacobson
|
0-0: Ball 1-0: Ball 2-0: Swinging Strike 2-1: Ball 3-1: Base on Balls
|
Batting: RHB Cole Bradley
|
0-0: Foul Ball, location: 2F 0-1: Ground out 4-3 (Groundball, 4)
|
Top of the 2nd over - 2 run(s), 2 hit(s), 0 error(s), 1 left on base; Las Vegas 2 - Redwood City 0 |
BOTTOM OF THE 2ND |
Redwood City Redwoods batting - Pitching for Las Vegas Stars : RHP Mike Stabler
|
Batting: RHB Edgardo Gonzáles
|
0-0: Called Strike 0-1: Ball 1-1: Swinging Strike 1-2: Foul Ball, location: 2F 1-2: Ball 2-2: Strikes out swinging
|
Batting: LHB Juan Hernández
|
0-0: Called Strike 0-1: Ground out U3 (Groundball, 3)
|
Batting: SHB Jaime Manuel
|
0-0: Ball 1-0: Called Strike 1-1: Ball 2-1: Called Strike 2-2: Ground out 4-3 (Groundball, 34)
|
Bottom of the 2nd over - 0 run(s), 0 hit(s), 0 error(s), 0 left on base; Las Vegas 2 - Redwood City 0 |
TOP OF THE 3RD |
Las Vegas Stars batting - Pitching for Redwood City Redwoods : RHP Manny Maldonado
|
Batting: RHB Tae-kwon Kwon
|
0-0: Ground out 6-3 (Groundball, 6)
|
Batting: RHB Ron Shelton
|
0-0: Ball Single, Error in OF, E7, batter to second base
|
Batting: LHB Paco Rivera
|
0-0: Ball 1-0: Ball 2-0: SINGLE (Groundball, 34D) Ron Shelton to third Runner from 3rd tries for Home, SAFE, throw made home
|
Batting: LHB Ricardo Vargas
|
0-0: Called Strike 0-1: 2-RUN HOME RUN (Flyball, 8RXD), Distance : 426 ft
|
Batting: LHB Eliot Helen
|
0-0: Ball 1-0: Fly out, F8 (Flyball, 8LM)
|
Batting: RHB Brian George
|
0-0: Ball 1-0: Ball 2-0: Ball 3-0: Called Strike 3-1: Foul Ball, location: 2F 3-2: Ground out 5-3 (Groundball, 56S)
|
Top of the 3rd over - 3 run(s), 3 hit(s), 1 error(s), 0 left on base; Las Vegas 5 - Redwood City 0 |
BOTTOM OF THE 3RD |
Redwood City Redwoods batting - Pitching for Las Vegas Stars : RHP Mike Stabler
|
Batting: RHB Fu Tse
|
0-0: Called Strike 0-1: Fly out, F9 (Flyball, 9LM)
|
Batting: RHB Dan Martin
|
0-0: Ball 1-0: Ball 2-0: Ball 3-0: Called Strike 3-1: Called Strike 3-2: SINGLE (Groundball, 56D)
|
Batting: LHB Ken Miller
|
0-0: Ball 1-0: Called Strike 1-1: Foul Ball, location: 2F 1-2: Ball 2-2: Ball 3-2: Foul Ball, location: 2F 3-2: Foul Ball, location: 2F 3-2: Base on Balls Dan Martin to second
|
Batting: RHB Anastasio García
|
0-0: Ball 1-0: Ball 2-0: SINGLE (Line Drive, 8RS) Dan Martin to third Ken Miller to second
|
Batting: LHB Tony Warrilow
|
0-0: Swinging Strike 0-1: Called Strike 0-2: Ball 1-2: Ball 2-2: Foul Ball, location: 2F 2-2: Fly out, F9 (Flyball, 9M)
|
Batting: RHB Joe Flint
|
0-0: Ground out 3-1 (Groundball, 34S)
|
Bottom of the 3rd over - 0 run(s), 2 hit(s), 0 error(s), 3 left on base; Las Vegas 5 - Redwood City 0 |
TOP OF THE 4TH |
Las Vegas Stars batting - Pitching for Redwood City Redwoods : RHP Manny Maldonado
|
Batting: SHB Santiago Farías
|
0-0: Foul Ball, location: 2F 0-1: Swinging Strike 0-2: Strikes out swinging
|
Batting: RHB Tom Jacobson
|
0-0: Swinging Strike 0-1: Foul Ball, location: 2F 0-2: Ball 1-2: SINGLE (Line Drive, 6MD)
|
Batting: RHB Cole Bradley
|
0-0: Foul Ball, location: 2F 0-1: Ball 1-1: Fly out, F7 (Flyball, 7D)
|
Batting: RHB Tae-kwon Kwon
|
0-0: Swinging Strike 0-1: DOUBLE (Line Drive, 7LD) Tom Jacobson to third Runner from 3rd tries for Home, SAFE, no throw or cutoff
|
Batting: RHB Ron Shelton
|
0-0: Foul Ball, location: 2F 0-1: Ball 1-1: Swinging Strike 1-2: SINGLE (Groundball, 34D) Tae-kwon Kwon to third Runner from 3rd tries for Home, SAFE, no throw or cutoff
|
Pitching: RHP Lúcio Solano
|
|
Batting: LHB Paco Rivera
|
0-0: Ball 1-0: Ball Ron Shelton steals 2nd base 2-0: Ball 3-0: Base on Balls
|
Batting: LHB Ricardo Vargas
|
0-0: Foul Ball, location: 2F 0-1: Foul Ball, location: 2F 0-2: Foul Ball, location: 2F 0-2: Foul Ball, location: 2F 0-2: Hit by Pitch Ron Shelton to third Paco Rivera to second
|
Batting: LHB Eliot Helen
|
0-0: Ball 1-0: Ball 2-0: Ball 3-0: Called Strike 3-1: Base on Balls Ron Shelton scores Paco Rivera to third Ricardo Vargas to second
|
Batting: RHB Brian George
|
0-0: Ball 1-0: Ball 2-0: Swinging Strike 2-1: Ground out U3 (Groundball, 3S)
|
Top of the 4th over - 3 run(s), 3 hit(s), 0 error(s), 3 left on base; Las Vegas 8 - Redwood City 0 |
BOTTOM OF THE 4TH |
Redwood City Redwoods batting - Pitching for Las Vegas Stars : RHP Mike Stabler
|
Batting: RHB Edgardo Gonzáles
|
0-0: Foul Ball, location: 2F 0-1: Ball 1-1: Foul Ball, location: 2F 1-2: Strikes out swinging
|
Batting: LHB Juan Hernández
|
0-0: SINGLE (Flyball, 7LS)
|
Batting: SHB Jaime Manuel
|
0-0: Ball 1-0: Swinging Strike 1-1: Called Strike 1-2: Strikes out looking
|
Batting: RHB Fu Tse
|
0-0: Called Strike 0-1: Ball 1-1: Ball 2-1: Ball 3-1: Ground out 1-3 (Groundball, 15S)
|
Bottom of the 4th over - 0 run(s), 1 hit(s), 0 error(s), 1 left on base; Las Vegas 8 - Redwood City 0 |
TOP OF THE 5TH |
Las Vegas Stars batting - Pitching for Redwood City Redwoods : RHP Lúcio Solano
|
Batting: SHB Santiago Farías
|
0-0: Ball 1-0: Swinging Strike 1-1: Foul Ball, location: 2F 1-2: Strikes out swinging, 2-3 out at first.
|
Batting: RHB Tom Jacobson
|
0-0: Ball 1-0: Ball 2-0: Fly out, F4 (Popup, 4MD)
|
Batting: RHB Cole Bradley
|
0-0: Ball 1-0: Foul Ball, location: 2F 1-1: Ball 2-1: SINGLE (Groundball, 6MD)
|
Batting: RHB Tae-kwon Kwon
|
0-0: Ball 1-0: Called Strike 1-1: SINGLE (Groundball, 6MD) Cole Bradley to second Runner from 2nd tries for 3rd, SAFE, throw made to third
|
Batting: RHB Ron Shelton
|
0-0: Ball 1-0: Called Strike 1-1: Called Strike 1-2: Ball 2-2: Ball 3-2: Foul Ball, location: 2F 3-2: Foul Ball, location: 2F 3-2: Strikes out looking
|
Top of the 5th over - 0 run(s), 2 hit(s), 0 error(s), 2 left on base; Las Vegas 8 - Redwood City 0 |
BOTTOM OF THE 5TH |
Redwood City Redwoods batting - Pitching for Las Vegas Stars : RHP Mike Stabler
|
Batting: RHB Dan Martin
|
0-0: Ball 1-0: Foul Ball, location: 2F 1-1: Ball 2-1: Ball 3-1: Base on Balls
|
Batting: LHB Ken Miller
|
0-0: Swinging Strike 0-1: Called Strike 0-2: Strikes out swinging
|
Batting: RHB Anastasio García
|
0-0: Ball Dan Martin is caught stealing 2nd base 1-0: Ball 2-0: Ball 3-0: Base on Balls
|
Batting: LHB Tony Warrilow
|
0-0: Ball 1-0: Ball 2-0: Called Strike 2-1: Ball 3-1: Ground out U3 (Groundball, 3S)
|
Bottom of the 5th over - 0 run(s), 0 hit(s), 0 error(s), 1 left on base; Las Vegas 8 - Redwood City 0 |
TOP OF THE 6TH |
Las Vegas Stars batting - Pitching for Redwood City Redwoods : RHP Lúcio Solano
|
Batting: LHB Paco Rivera
|
0-0: Ball 1-0: Foul Ball, location: 2F 1-1: Ball 2-1: SINGLE (Line Drive, 34)
|
Batting: LHB Ricardo Vargas
|
0-0: Grounds into double play, 4-6-3 (Groundball, 4M)
|
Batting: LHB Eliot Helen
|
0-0: Ball 1-0: Foul Ball, location: 2F 1-1: DOUBLE (Line Drive, 9LS)
|
Batting: RHB Brian George
|
0-0: Ground out 4-3 (Groundball, 4)
|
Top of the 6th over - 0 run(s), 2 hit(s), 0 error(s), 1 left on base; Las Vegas 8 - Redwood City 0 |
BOTTOM OF THE 6TH |
Redwood City Redwoods batting - Pitching for Las Vegas Stars : RHP Mike Stabler
|
Batting: RHB Joe Flint
|
0-0: Ball 1-0: Ground out 4-3 (Groundball, 4M)
|
Batting: RHB Edgardo Gonzáles
|
0-0: Ball 1-0: Ball 2-0: Foul Ball, location: 2F 2-1: Ground out 6-3 (Groundball, 6MS)
|
Batting: LHB Juan Hernández
|
0-0: Foul Ball, location: 2F 0-1: Swinging Strike 0-2: Ball 1-2: Foul Ball, location: 2F 1-2: Strikes out swinging
|
Bottom of the 6th over - 0 run(s), 0 hit(s), 0 error(s), 0 left on base; Las Vegas 8 - Redwood City 0 |
TOP OF THE 7TH |
Las Vegas Stars batting - Pitching for Redwood City Redwoods : RHP Lúcio Solano
|
Pitching: RHP Carl Murgatroyd
|
|
Batting: SHB Santiago Farías
|
0-0: Fly out, F8 (Flyball, 8LM)
|
Batting: RHB Tom Jacobson
|
0-0: Ball 1-0: Ball 2-0: Called Strike 2-1: Ball 3-1: Foul Ball, location: 2F 3-2: Base on Balls
|
Batting: RHB Cole Bradley
|
0-0: Ball Wild Pitch! Tom Jacobson to second 1-0: Foul Ball, location: 2F 1-1: Ground out 1-3 (Groundball, 15S)
|
Batting: RHB Tae-kwon Kwon
|
0-0: SINGLE (Line Drive, 78S) Tom Jacobson to third Runner from 3rd tries for Home, SAFE, no throw or cutoff
|
Batting: RHB Ron Shelton
|
0-0: Ball 1-0: Ball 2-0: Ball 3-0: Called Strike 3-1: Base on Balls Tae-kwon Kwon to second
|
Batting: LHB Paco Rivera
|
0-0: Ball 1-0: Called Strike 1-1: Ball 2-1: Fly out, F8 (Flyball, 8LD)
|
Top of the 7th over - 1 run(s), 1 hit(s), 0 error(s), 2 left on base; Las Vegas 9 - Redwood City 0 |
BOTTOM OF THE 7TH |
Redwood City Redwoods batting - Pitching for Las Vegas Stars : RHP Mike Stabler
|
Batting: SHB Jaime Manuel
|
0-0: Ball 1-0: Ball 2-0: Ground out 1-3 (Groundball, 15S)
|
Batting: RHB Fu Tse
|
0-0: Ball 1-0: Ball 2-0: Ball 3-0: Called Strike 3-1: Base on Balls
|
Pitching: LHP Jerry Burgess
|
|
Batting: RHB Dan Martin
|
0-0: Foul Ball, location: 2F 0-1: Grounds into double play, 5-4-3 (Groundball, 56)
|
Bottom of the 7th over - 0 run(s), 0 hit(s), 0 error(s), 0 left on base; Las Vegas 9 - Redwood City 0 |
TOP OF THE 8TH |
Las Vegas Stars batting - Pitching for Redwood City Redwoods : RHP Carl Murgatroyd
|
Batting: LHB Ricardo Vargas
|
0-0: Called Strike 0-1: Swinging Strike 0-2: Ball 1-2: Strikes out swinging
|
Batting: LHB Eliot Helen
|
0-0: Called Strike 0-1: Ball 1-1: SINGLE (Flyball, 78S)
|
Batting: RHB Brian George
|
0-0: Ball 1-0: Ball 2-0: Ball 3-0: Base on Balls Eliot Helen to second
|
Batting: SHB Santiago Farías
|
0-0: Called Strike 0-1: Ball 1-1: Ball 2-1: Called Strike 2-2: Strikes out looking
|
Batting: RHB Tom Jacobson
|
0-0: Swinging Strike 0-1: Swinging Strike 0-2: Foul Ball, location: 2F 0-2: Foul Ball, location: 2F 0-2: Ball 1-2: Ball 2-2: Ball 3-2: Foul Ball, location: 2F 3-2: Foul Ball, location: 2F 3-2: Strikes out swinging
|
Top of the 8th over - 0 run(s), 1 hit(s), 0 error(s), 2 left on base; Las Vegas 9 - Redwood City 0 |
BOTTOM OF THE 8TH |
Redwood City Redwoods batting - Pitching for Las Vegas Stars : LHP Jerry Burgess
|
Batting: LHB Ken Miller
|
0-0: SOLO HOME RUN (Flyball, 9D), Distance : 357 ft
|
Batting: RHB Anastasio García
|
0-0: Called Strike 0-1: Ball 1-1: Foul Ball, location: 2F 1-2: Reached on Error, E9 (Flyball, 9LM)
|
Batting: LHB Tony Warrilow
|
0-0: Ball 1-0: Ball 2-0: SINGLE (Line Drive, 6MD) Anastasio García to second
|
Batting: RHB Joe Flint
|
0-0: Ball 1-0: Grounds into double play, 4-6-3 (Groundball, 34) Anastasio García to third
|
Batting: RHB Edgardo Gonzáles
|
0-0: Called Strike 0-1: Ball 1-1: Foul Ball, location: 2F 1-2: Ball 2-2: Ground out 6-3 (Groundball, 56)
|
Bottom of the 8th over - 1 run(s), 2 hit(s), 1 error(s), 1 left on base; Las Vegas 9 - Redwood City 1 |
TOP OF THE 9TH |
Las Vegas Stars batting - Pitching for Redwood City Redwoods : RHP Carl Murgatroyd
|
Batting: RHB Cole Bradley
|
0-0: Ball 1-0: Ball 2-0: Ball 3-0: Base on Balls
|
Batting: RHB Tae-kwon Kwon
|
0-0: Sac Bunt - play at first, batter OUT! 5-3 Cole Bradley to second
|
Pitching: LHP George Owens
|
|
Batting: RHB Ron Shelton
|
0-0: Ball 1-0: Foul Ball, location: 2F 1-1: SINGLE (Flyball, 9S) - OUT at second base trying to stretch hit. Cole Bradley scores
|
Batting: LHB Paco Rivera
|
0-0: Called Strike 0-1: Called Strike 0-2: Ball 1-2: Ball 2-2: Ball 3-2: Base on Balls
|
Batting: LHB Ricardo Vargas
|
0-0: Foul Ball, location: 2F 0-1: Ball 1-1: Ball 2-1: Ground out 2-3 (Groundball, 13S)
|
Top of the 9th over - 1 run(s), 1 hit(s), 0 error(s), 1 left on base; Las Vegas 10 - Redwood City 1 |
BOTTOM OF THE 9TH |
Redwood City Redwoods batting - Pitching for Las Vegas Stars : LHP Jerry Burgess
|
Batting: LHB Juan Hernández
|
0-0: Ball 1-0: Foul Ball, location: 2F 1-1: Called Strike 1-2: Ball 2-2: Ball 3-2: Ground out 4-3 (Groundball, 34)
|
Batting: SHB Jaime Manuel
|
0-0: Swinging Strike 0-1: Ball 1-1: Ball 2-1: Foul Ball, location: 2F 2-2: Foul Ball, location: 2F 2-2: Fly out, F8 (Flyball, 8LD)
|
Batting: RHB Fu Tse
|
0-0: Foul Ball, location: 2F 0-1: Ball 1-1: Called Strike 1-2: Fly out, F9 (Flyball, 9S)
|
Bottom of the 9th over - 0 run(s), 0 hit(s), 0 error(s), 0 left on base; Las Vegas 10 - Redwood City 1 |
|